Map: Orbital Shipyard

Players

HeavyFresh - Winner!

  • Race: Protoss Protoss
  • League: Master

Arelogic

  • Race: Terran Terran
  • League: Master

VOD

Have the link to the VOD?

Description

Time

  • Played on: Dec. 30, 2015, 3:50 p.m.
  • Length: 6:27
Show
View Real Time Build Order
Export as new Build Order

HeavyFresh Protoss - Winner!

Build Orders: 1 Gate Expand 

Get SALT Encoding   

  12  0:01  Probe (Chrono Boost)  
  13  0:12  Probe (Chrono Boost)  
  14  0:17  Pylon  
  14  0:22  Probe (Chrono Boost)  
  15  0:36  Probe (Chrono Boost)  
  15  0:37  Gateway  
  16  0:46  Probe (Chrono Boost)  
  17  1:11  Nexus  
  17  1:19  Probe (Chrono Boost)  
  17  1:22  Assimilator  
  18  1:29  Cybernetics Core  
  18  1:38  Assimilator  
  18  1:41  Probe (Chrono Boost)  
  19  1:52  Probe (Chrono Boost)  
  20  2:02  Probe (Chrono Boost)  
  20  2:07  Adept  
  23  2:09  Warp Gate  
  23  2:16  Pylon  
  24  2:23  Probe x2 (Chrono Boost)  
  25  2:33  Probe (Chrono Boost)  
  25  2:36  Probe (Chrono Boost)  
  27  2:40  Twilight Council  
  27  2:43  Adept  
  27  2:44  Probe (Chrono Boost)  
  30  2:47  Probe (Chrono Boost)  
  31  2:54  Probe (Chrono Boost)  
  31  2:57  Probe (Chrono Boost)  
  33  3:05  Probe (Chrono Boost), Robotics Facility  
  34  3:08  Probe (Chrono Boost)  
  35  3:15  Probe (Chrono Boost)  
  35  3:16  Resonating Glaives (Chrono Boost)  
  36  3:21  Probe  
  36  3:22  Assimilator  
  37  3:27  Probe  
  38  3:41  Gateway  
  38  3:43  Gateway  
  38  3:44  Gateway  
  38  3:51  Warp Prism (Chrono Boost)  
  40  4:06  Gateway  
  40  4:08  Gateway  
  40  4:09  Gateway  
  40  4:14  Gateway  
  40  4:29  Pylon  
  40  4:30  Pylon  
  40  4:48  Adept x2  
  40  4:49  Adept x2  
  46  5:18  Adept x4  
  46  5:19  Adept x4  
  60  5:38  Adept  
  60  5:39  Adept x3  
  60  5:43  Pylon  
  60  5:45  Pylon  
  58  5:55  Adept x2  
  62  6:03  Adept  
  62  6:04  Adept x5  
  56  6:16  Adept x2  
Show
View Real Time Build Order
Export as new Build Order

Arelogic Terran 

Build Orders: Command Center First (CC) 

Get SALT Encoding   

  12  0:01  SCV  
  13  0:13  SCV  
  14  0:18  Supply Depot  
  14  0:25  SCV  
  15  0:40  SCV  
  16  0:52  SCV  
  17  1:00  Command Center  
  17  1:04  SCV  
  18  1:15  Barracks  
  18  1:18  SCV  
  19  1:32  SCV  
  20  1:45  SCV  
  21  1:54  Command Center  
  21  2:00  SCV  
  22  2:05  Marine  
  23  2:13  Orbital Command  
  23  2:21  Orbital Command  
  23  2:24  Marine  
  24  2:32  Bunker  
  24  2:37  Supply Depot  
  24  2:40  SCV  
  24  2:43  Marine  
  26  2:47  SCV  
  27  2:52  SCV  
  28  3:02  Barracks  
  28  3:03  Marine  
  28  3:05  SCV, Barracks  
  29  3:10  Orbital Command  
  30  3:14  SCV  
  30  3:17  SCV  
  32  3:21  Engineering Bay  
  32  3:23  Marine  
  32  3:26  SCV  
  34  3:30  SCV  
  35  3:34  Refinery  
  35  3:35  Refinery  
  35  3:36  Refinery  
  35  3:37  SCV  
  35  3:40  SCV  
  35  3:41  Marine  
  37  3:42  SCV  
  39  3:49  SCV  
  39  3:53  SCV, Missile Turret x2  
  39  3:55  Marine x2  
  43  3:57  SCV  
  43  4:01  SCV  
  45  4:05  SCV  
  45  4:09  Missile Turret  
  46  4:12  SCV  
  46  4:13  SCV, Missile Turret  
  46  4:15  Marine  
  46  4:17  SCV, Marine x2  
  49  4:23  Supply Depot  
  53  4:24  SCV  
  53  4:26  SCV  
  53  4:29  SCV  
  55  4:33  Refinery  
  55  4:35  Barracks Tech Lab x2  
  55  4:36  SCV  
  55  4:37  Barracks Reactor, Factory  
  55  4:41  SCV  
  56  4:46  SCV  
  56  4:48  SCV  
  58  4:53  SCV  
  58  4:56  Combat Shields, Missile Turret  
  58  4:59  SCV  
  60  5:01  Supply Depot  
  60  5:03  Supply Depot  
  60  5:05  Marauder  
  60  5:07  Supply Depot  
  62  5:08  Marauder  
  62  5:10  SCV  
  65  5:20  Marine x2  
  51  5:38  Marine  
  51  5:39  Marauder x2, Marine  
  47  5:50  SCV x2  
  31  6:05  Marine x2  
  31  6:06  Marauder  
Tags
 
Add a new tag
Caveats
  • Supply blocks, unpowered buildings, or Contaminate may cause inaccurate times.
  • Supply counts are checked every 10 seconds.